 Dungeon Crawl Stone Soup version 0.30-a0-310-g7d6cbdfea6 (console) character file.

Game seed: 3271585227838208460

357 petzl the Shooter (level 6, -20/34 (48) HPs)
             Began as a Formicid Hunter on Oct 24, 2022.
             Was an Initiate of Vehumet.
             Killed from afar by an acid dragon (25 damage)
             ... with a splash of acid
             ... on level 11 of the Dungeon.
             The game lasted 00:21:10 (4377 turns).

petzl the Shooter (Formicid Hunter)                 Turns: 4377, Time: 00:21:11

HP:   -20/34 (48)   AC:  2    Str: 16      XL:     6   Next: 96%
MP:   9/9           EV: 11    Int: 10      God:    Vehumet [......]
Gold: 353           SH:  0    Dex: 13 (17) Spells: 10/10 levels left

rFire   . . .      SeeInvis +    a - +2 dagger (venom) {!f =f}
rCold   + . .      Faith    .    (no shield)
rNeg    . . .      Spirit   .    n - +0 ring mail
rPois   .          Reflect  .    (helmet unavailable)
rElec   .          Harm     .    (no cloak)
rCorr   .          Rampage  .    (no gloves)
Will    .....                    t - +0 pair of boots
Stlth   ++........               (no amulet)
HPRegen 0.25/turn                o - ring of protection from cold
MPRegen 0.11/turn                (no ring)

@: corroded, very heavily drained
A: permanent stasis, dig shafts and tunnels, antennae 3, four strong arms
a: Dig, Shaft Self, Renounce Religion


You were on level 11 of the Dungeon.
You worshipped Vehumet.
Vehumet was noncommittal.
You visited 2 branches of the dungeon, and saw 14 of its levels.

You collected 353 gold pieces.

Inventory:

Hand Weapons
 a - a +2 dagger of venom (weapon) {!f =f}
 b - a +0 shortbow of draining
 k - a +0 long sword of freezing
Missiles
 g - 5 poisoned darts
Armour
 c - a +0 leather armour
 n - a +0 ring mail (worn)
 t - a +0 pair of boots (worn)
Magical Staves
 x - a staff of poison
Jewellery
 o - a ring of protection from cold (left hand)
Scrolls
 e - 2 scrolls of amnesia
 i - a scroll of butterflies
 m - 2 scrolls of immolation
 p - a scroll of poison
 v - a scroll of vulnerability
 y - a scroll of fear
 B - a scroll of enchant armour
Potions
 d - 2 potions of resistance {unknown}
 f - a potion of mutation {unknown}
 h - 3 potions of curing
 j - a potion of haste
 l - a potion of invisibility {unknown}
 q - a potion of heal wounds
 u - a potion of berserk rage {unknown}
 w - a potion of degeneration {unknown}
 z - a potion of attraction {unknown}
 A - a potion of cancellation {unknown}


   Skills:
 + Level 3.9 Fighting
 - Level 4.0 Ranged Weapons
 + Level 2.8 Armour
 + Level 3.1 Dodging
 + Level 3.8 Stealth
 + Level 2.6 Spellcasting


You had 10 spell levels left.
You didn't know any spells.
Your spell library contained the following spells:

 Spells                   Type           Power      Damage    Failure   Level
 Momentum Strike          Conj/Tloc      2%         3d8       63%         2
 Lesser Beckoning         Tloc           2%         N/A       86%         3
 Blink                    Tloc           Unusable   N/A       N/A         2

Dungeon Overview and Level Annotations

Branches:
Dungeon (13/15)            Temple (1/1) D:5
   Lair: D:8-11         Orc: D:9-12      Vaults: D:13-14

Altars:
Ashenzari
Cheibriados
Dithmenos
Fedhas
Gozag
Hepliaklqana
Makhleb
Okawaru
Qazlal
Vehumet
Wu Jian
Xom
Yredelemnul
Zin
The Shining One

Shops:
D:6 :

Annotations:
D:5 exclusion: phantom
D:6 Eustachio
D:7 exclusion: downstairs
D:8 exclusion: downstairs
D:11 exclusion: ugly thing
D:12 exclusion: downstairs


Innate Abilities, Weirdness & Mutations

You cannot be hasted, slowed, berserked, paralysed or teleported.
You can dig through walls and to a lower floor.
You have a pair of large antennae on your head. (SInv)
Your four strong arms can wield two-handed weapons with a shield.


Message History

Reduced exclusion size to a single square.
Unknown command.
You start resting.
HP restored.
There is a stone staircase leading up here.
You climb upwards.
Level annotation: exclusion: ugly thing
There is a stone staircase leading down here.
You climb downwards.
Level annotation: exclusion: downstairs
There is a stone staircase leading up here.
There is a stone staircase leading up here.
You climb upwards.
Level annotation: exclusion: ugly thing
There is a stone staircase leading down here.
There is a stone staircase leading up here.
You climb upwards.
You hear the roar of battle.
There is an entrance to a bailey on this level.
Hurry and find it before the portal closes forever!
There is a stone staircase leading down here.
You climb downwards.
Level annotation: exclusion: ugly thing
There is a stone staircase leading up here.
You see here a +0 flail.
You see here a +0 flail.
An acid dragon, an orc warrior, an orc priest and an orc come into view.
The orc priest is wielding a +0 hand axe of distortion.
The acid dragon roars!
The orc warrior shouts!
The orc priest shouts!
You hear a shout! x2
An orc priest comes into view. It is wielding a +0 hand axe.
The orc priest looks braver for a moment.
The acid dragon spits acid at you. The splash of acid hits you!!
Ouch! That really hurt!
* * * LOW HITPOINT WARNING * * *
The acid corrodes you!
You hear a shout! x4
The acid dragon spits acid at you. The splash of acid hits you!!
Ouch! That really hurt!
You die...

. # #. .# . .# #.###.#
.#... ### ... {..# #.#
#.# #.# #.# {
#.#####.# #.....#.#
#####.#.# #.#.# #.#.#
##### #.#.# #####.#
##...## #####.#.#
#.>...#
#.###.######...#.#.#
#.#####
#.#.<..............#
#.
###.#@..............##
#.
#......########.###.#
#. #.###.## #.# #.# #.
#.# #.# #.# #.# ## #.#
#.# #.# #.# #)###D#
#.# #.# #.#>..# #u ...
#.#{### #.# #.#{# #.#
#.#{# #.# #.#{# #.#{#
#.#o# ...{D....#
.{...)..o# #{#####..#
{ #..# #..# #.o)


You could see an acid dragon (catching breath).

Vanquished Creatures
  A quasit (D:4)
  A jelly (D:5)
  An orc priest (D:5)
  Ijyb (D:3)
  Robin (D:3)
  4 gnolls (D:4)
  6 adders
  4 white imps (D:4)
  An ufetubus (D:4)
  2 worms
  3 dart slugs
  10 orcs
  A bat (D:2)
  5 endoplasms
  2 giant cockroaches (D:2)
  15 goblins
  11 hobgoblins
  2 quokkas
  8 ball pythons
  3 frilled lizards
  8 kobolds
  2 rats (D:1)
92 creatures vanquished.

Vanquished Creatures (others)
  7 demonic plants (D:4)
7 creatures vanquished.

Grand Total: 99 creatures vanquished

Notes
Turn   | Place    | Note
-------+----------+-------------------------------------------
     0 | D:1      | petzl the Formicid Hunter began the quest for the Orb.
     0 | D:1      | Reached XP level 1. HP: 16/16 MP: 1/1
    78 | D:1      | Reached XP level 2. HP: 23/23 MP: 2/2
    95 | D:1      | Found a faded altar of an unknown god.
   186 | D:1      | You fall into a shaft and drop 1 floor!
   638 | D:2      | Reached XP level 3. HP: 28/28 MP: 4/4
   671 | D:2      | Reached skill level 1 in Armour
   725 | D:2      | Reached skill level 1 in Spellcasting
   964 | D:2      | Found an opulent altar of Gozag.
  1402 | D:3      | Noticed Ijyb
  1418 | D:3      | Killed Ijyb
  1419 | D:3      | Reached XP level 4. HP: 26/34 MP: 4/6
  1716 | D:3      | Reached XP level 5. HP: 41/41 MP: 7/7
  1982 | D:4      | Noticed Robin
  2064 | D:3      | Killed Robin
  2249 | D:4      | Reached XP level 6. HP: 47/47 MP: 9/9
  2895 | D:5      | Entered Level 5 of the Dungeon
  3150 | D:5      | Found an iron altar of Okawaru.
  3157 | D:5      | Noticed a kobold demonologist
  3157 | D:5      | Noticed a water moccasin
  3298 | D:5      | Found a staircase to the Ecumenical Temple.
  3304 | D:6      | Noticed a steam dragon
  3400 | D:5      | Noticed a water moccasin
  3412 | D:5      | Noticed a kobold demonologist
  3415 | Temple   | Entered the Ecumenical Temple
  3439 | Temple   | Became a worshipper of Vehumet
  3468 | D:5      | Noticed a neqoxec
  3470 | D:5      | You fall into a shaft and drop 3 floors!
  3541 | D:6      | Found Matazo's Book Shop.
  3559 | D:6      | Noticed Eustachio
  3578 | D:6      | You fall into a shaft and drop 2 floors!
  3815 | D:9      | Noticed a wraith
  3815 | D:9      | Noticed a yak
  3904 | D:8      | Noticed a centaur warrior
  3915 | D:7      | You fall into a shaft and drop 2 floors!
  3921 | D:9      | Noticed a yak
  3921 | D:9      | Noticed an ice beast
  3929 | D:9      | You fall into a shaft and drop 2 floors!
  4088 | D:11     | Noticed a green ugly thing
  4197 | D:13     | Noticed a centaur warrior
  4197 | D:13     | Noticed a deep elf pyromancer
  4328 | D:10     | Entered Level 10 of the Dungeon
  4365 | D:11     | Noticed an acid dragon
  4365 | D:11     | Noticed an orc warrior
  4377 | D:11     | Killed from afar by an acid dragon

Illustrated notes

Levels and vault maps discovered:
D:1:      lightli_arrival_maybe_door_vault, layout_rooms,
          shapermc_ecumenical_altar_pompeii
D:2:      layout_loops_cross, basic_altar
D:3:      layout_rooms, uniq_ijyb
D:4:      layout_loops_ring, serial_demonic, serial_demonic_c, serial_demonic_f,
          serial_demonic_g, serial_demonic_c, serial_demonic_b,
          serial_demonic_a, kennysheep_crisscross, uniq_robin
D:5:      layout_basic, gammafunk_temple_overflow_statue,
          okawaru_metal_pillars_1_2, minmay_temple_entry_junction_2
D:6:      layout_loops_cross, serial_shops, shop, nicolae_lakefront_shop, shop,
          nicolae_shop_vocational, uniq_eustachio
D:7:      layout_loops_ring, minmay_shattered_shrine
D:8:      layout_basic, special_room [special_room_orc], hangedman_decor_push,
          chequers_garden
D:9:      layout_cave_pools, serial_ice, serial_ice_l, serial_ice_h,
          serial_ice_o, serial_ice_f, uniq_erica
D:10:     layout_stronghold, lair_entry_dummy, lightli_bailey_entry_fortress,
          uniq_urug
D:11:     nrook_guardian_serpent_snake_passage, layout_loops_ring
D:12:     layout_irregular_city, orc_0_dummy, hangedman_weighted_door
D:13:     layout_basic
Temple:   nicolae_temple_bog_church

Skill      XL: |  1  2  3  4  5  6 |
---------------+-------------------+-----
Dodging        | 2 3 |  3.1
Armour         | 1 2 |  2.8
Stealth        | 2 3 |  3.8
Spellcasting   | 1 2 |  2.6
Fighting       | 3 |  3.9
Ranged Weapons | |  4.0

Action                   |  1- 3 |  4- 6 || total
-------------------------+-------+-------++-------
Melee: Dagger            |    16 |    80 ||    96
       Punch             |       |     2 ||     2
 Fire: Shortbow          |    76 |   148 ||   224
 Abil: Shaft Self        |     2 |     4 ||     6
       Dig               |       |     8 ||     8
Evoke: Wand              |       |     9 ||     9
  Use: Scroll            |       |     9 ||     9
       Potion            |       |     2 ||     2
 Stab: Paralysed         |       |     1 ||     1
Armor: Leather armour    |     6 |       ||     6
       Ring mail         |     8 |   109 ||   117
Dodge: Dodged            |    27 |   157 ||   184

Table legend: (Time is in decaauts)
 A = Elapsed time spent in this place.
 B = Non-inter-level travel time spent in this place.
 C = Inter-level travel time spent in this place.
 D = Time resting spent in this place.
 E = Time spent auto-exploring this place.
 F = Levels seen in this place.
 G = Mean time per level.
                   A        B        C        D        E       F      G
               +--------+--------+--------+--------+--------+-----+--------+
         Total |   4462 |   4256 |    206 |    736 |   1881 |  14 |  318.7 |
       Dungeon |   4408 |   4202 |    206 |    736 |   1881 |  13 |  339.1 |
        Temple |     53 |     53 |      0 |      0 |      0 |   1 |   53.0 |
               +--------+--------+--------+--------+--------+-----+--------+

Top non-repeatable levels by time:
     D:4: 974 daAuts
     D:2: 826 daAuts
     D:3: 657 daAuts
     D:1: 577 daAuts
     D:5: 426 daAuts
     D:8: 393 daAuts
    D:11: 274 daAuts
    D:12: 170 daAuts
     D:6: 76 daAuts
  Temple: 53 daAuts
     D:9: 15 daAuts
     D:7: 13 daAuts
    D:13: 1 daAuts
    D:10: 1 daAuts
